 Dungeon Crawl Stone Soup version 0.28.0-53-g5a82cb258f (webtiles) character file.

Game seed: 451257414419494686

24 issech the Skirmisher (level 2, 0/27 HPs)
             Began as a Minotaur Monk on June 5, 2022.
             Slain by a kobold
             ... wielding a +0 short sword
              (4 damage)
             ... on level 2 of the Dungeon.
             The game lasted 00:02:19 (985 turns).

issech the Skirmisher (Minotaur Monk)                Turns: 985, Time: 00:02:19

Health: 0/27       AC:  5    Str: 15    XL:     2   Next: 79%
Magic:  1/1        EV: 11    Int:  7    God:
Gold:   53         SH:  0    Dex: 12    Spells: 1/1 levels left

rFire   . . .      SeeInvis .   a - +0 hand axe
rCold   . . .      Faith    .   (no shield)
rNeg    . . .      Spirit   .   i - +0 ring mail
rPois   .          Reflect  .   (helmet restricted)
rElec   .          Harm     .   (no cloak)
rCorr   .          Rampage  .   (no gloves)
Will    .....                   (no boots)
Stlth   +.........              (no amulet)
HPRegen 0.09/turn               (no ring)
MPRegen 0.07/turn               (no ring)

@: no status effects
A: horns 2, retaliatory headbutt
a: no special abilities


You were on level 2 of the Dungeon.
You visited 1 branch of the dungeon, and saw 2 of its levels.

You collected 53 gold pieces.

Inventory:

Hand Weapons
 a - a +0 hand axe (weapon)
Missiles
 d - 24 arrows
 e - 20 sling bullets
 f - 6 bolts
 j - 24 stones (quivered)
Armour
 b - a +0 robe
 i - a +0 ring mail (worn)
Scrolls
 g - a scroll of acquirement {unknown}
 h - a scroll of enchant armour {unknown}
Potions
 c - a potion of heal wounds {unknown}


   Skills:
 + Level 4.1 Fighting
 + Level 4.0 Axes
 + Level 0.2 Armour
 + Level 3.7 Dodging
 + Level 1.6 Stealth


You had one spell level left.
You didn't know any spells.
Your spell library was empty.

Dungeon Overview and Level Annotations

Branches:
Dungeon (2/15)

Altars:

Shops:
D:1 =


Innate Abilities, Weirdness & Mutations

You have a pair of horns on your head.
You reflexively headbutt those who attack you in melee.


Message History

The worm bites you.
* * * LOW HITPOINT WARNING * * *
A rat comes into view.
Found a whip.
The rat bites you but does no damage.
You hit the rat.
You kill the rat!
You see here a rat corpse.
A kobold comes into view. It is wielding a +0 club.
The kobold shouts!
The kobold throws a stone.
The stone hits you.
* * * LOW HITPOINT WARNING * * *
The kobold throws a stone.
The stone hits you.
* * * LOW HITPOINT WARNING * * *
Found 17 sling bullets.
A quokka comes into view.
The kobold completely misses you.
You hit the kobold.
You kill the kobold!
The quokka bites you.
* * * LOW HITPOINT WARNING * * *
Things that are here:
a +0 club; a stone; a kobold corpse You hit the quokka.
You kill the quokka!
A worm comes into view.
Found 8 gold pieces.
You see here a quokka corpse.
A kobold comes into view. It is wielding a +0 club.
The kobold shouts!
An endoplasm comes into view.
The kobold throws a stone.
The stone hits you but does no damage.
A frilled lizard comes into view.
A kobold comes into view. It is wielding a +0 short sword.
The kobold shouts!
The endoplasm quivers.
A quokka comes into view.
Found 29 gold pieces.
The kobold hits you with a +0 short sword.
You die...

.# . .. .. .#. ..
.##... ##. ..#r# .#
.. $... ...###. ..#
#
......l##K##......#
#...#...@.$.^.#...
#...K..#.#......#
#....#.#$#.#....
####...###...#.#
###.w....##.#
#..#.#....#########
#.......†)......w..
#....(############.
#..#### #.


You could see a quokka (wandering), 2 kobolds and a frilled lizard.

Vanquished Creatures
  A dart slug (D:1)
  4 endoplasms (D:1)
  A giant cockroach (D:1)
  3 goblins (D:1)
  A kobold (D:2)
  A quokka (D:2)
  A ball python (D:1)
  2 bats (D:1)
  A frilled lizard (D:1)
  6 rats
21 creatures vanquished.

Notes
Turn   | Place    | Note
-------+----------+-------------------------------------------
     0 | D:1      | issech the Minotaur Monk began the quest for the Orb.
     0 | D:1      | Reached XP level 1. HP: 19/19 MP: 0/0
    69 | D:1      | Found a faded altar of an unknown god.
    88 | D:1      | Found Sausk's Jewellery Emporium.
   164 | D:1      | Reached XP level 2. HP: 27/27 MP: 1/1
   985 | D:2      | Slain by a kobold

Illustrated notes

Levels and vault maps discovered:
D:1:      mushboom_english_gardens, layout_loops_cross,
          dreamdust_ecumenical_altar_angels_and_demons, serial_shops,
          shop_fountains, hangedman_decor_growths,
          minmay_misc_feat_four_crosses, minmay_hedge_maze, patterned_corridor
D:2:      layout_basic, minmay_fractal_squares_5

Skill      XL: |  1  2 |
---------------+-------+-----
Fighting       | 4 |  4.1
Axes           | 4 |  4.0
Armour         | |  0.2
Dodging        | |  3.7
Stealth        | |  1.6

Action                   || total
-------------------------++-------
Melee: Hand axe          ||    38
       Headbutt          ||     5
 Stab: Sleeping          ||     3
Armor: Ring mail         ||     6
       Robe              ||     2
Dodge: Dodged            ||    22
